 Dungeon Crawl Stone Soup version 0.17.1-1-g73c8601 (webtiles) character file.

15 pedritolo the Sneak (level 2, 1/13 HPs)
             Began as a Spriggan Enchanter on Feb 11, 2017.
             Quit the game on level 5 of the Dungeon.
             The game lasted 00:02:56 (432 turns).

pedritolo the Sneak (Spriggan Enchanter)             Turns: 432, Time: 00:02:56

Health: 1/13       AC:  3    Str:  6    XL:     2   Next: 34%
Magic:  6/6        EV: 18    Int: 19    God:
Gold:   104        SH:  0    Dex: 16    Spells: 1 memorised, 5 levels left

rFire  . . .     SeeInvis +     j - +1 spear of Eternal Vigilance {flame, Str+2 Int+3} (curse)
rCold  . . .     Clarity  .     b - +1 robe
rNeg   . . .     SustAt   .     (shield currently unavailable)
rPois  .         Gourm    .     (helmet restricted)
rElec  .         Spirit   .     (no cloak)
rCorr  .         Warding  .     (gloves unavailable)
rMut   .         Stasis   .     (boots unavailable)
MR     .....                    (no amulet)
Stlth  +++.......               (no ring)
                                (no ring)

@: lethally poisoned (1 -> -10), very quick, not resistant to hostile
enchantments, fairly stealthy
A: unfitting armour, see invisible, herbivore 3, speed 3, slow metabolism 2
a: no special abilities


You were on level 5 of the Dungeon.
You were not hungry.

You visited 1 branch of the dungeon, and saw 6 of its levels.

You collected 104 gold pieces.

Inventory:

Hand Weapons
 a - a +1 dagger
 j - the cursed +1 spear of Eternal Vigilance (weapon) {flame, Str+2 Int+3}
   (You found it on level 5 of the Dungeon)

   It has been specially enchanted to burn those struck by it, causing extra
   injury to most foes and up to half again as much damage against particularly
   susceptible opponents.
   It affects your strength (+2).
   It affects your intelligence (+3).
   It has a curse placed upon it.
Missiles
 k - a throwing net (quivered)
Armour
 b - a +1 robe (worn)
Scrolls
 e - a scroll of teleportation
 f - a scroll of identify
 l - a scroll of fog
Potions
 h - a potion of lignification {unknown}
Books
 c - a book of Maledictions

   Spells                             Type                      Level
   a - Corona                         Hexes                        1
   b - Ensorcelled Hibernation        Hexes/Ice                    2
   c - Confuse                        Hexes                        3
   d - Tukima's Dance                 Hexes                        3
   e - Dazzling Spray                 Conjuration/Hexes            3
Comestibles
 d - 2 bread rations
 g - a slice of pizza
 i - a royal jelly


   Skills:
 - Level 1.1 Short Blades
 - Level 3.0 Dodging
 + Level 4.9 Stealth
 + Level 2.9 Spellcasting
 * Level 4.1 Hexes


You had 5 spell levels left.
You knew the following spells:

 Your Spells              Type           Power        Failure   Level  Hunger
a - Corona                Hex            ###....      3%          1    None


Dungeon Overview and Level Annotations

Branches:
Dungeon (6/15)
 Temple: D:4-7

Altars:
Fedhas
Ru
Sif Muna
Yredelemnul
Zin


Innate Abilities, Weirdness & Mutations

You are tiny and cannot use many weapons and most armour.
You have supernaturally acute eyesight.
You are a herbivore.
You cover ground extremely quickly.
You need consume almost no food.


Message History

Attack whom?
Press: ? - help, Dir - move target cursor, f - worker ant
Aim: a worker ant (resting)
You reach to attack!
The helpless worker ant fails to defend itself.
You hit the worker ant. You burn the worker ant.
The worker ant is moderately wounded.
Attack whom?
Press: ? - help, Dir - move target cursor, f/p - worker ant
Aim: a worker ant (moderately wounded)
You reach to attack!
You closely miss the worker ant.
The worker ant is moderately wounded.
The worker ant bites you.
* * * LOW HITPOINT WARNING * * *
You are lethally poisoned!
The worker ant poisons you!
* * * LOW HITPOINT WARNING * * *
You feel sick.
Unknown command.
Are you sure you want to abandon this character and quit the game? (Confirm with "yes".)

# ### #.# #. #..
..# .####.# #.#
..##.####.###
#.##.##...#.####
###.##.##.#.......
#.............####
# #.#.##...(.....#
#.##@#.##.#..##%#.#
#......##.#>.##.#.#
####a####.#.....#.#
##.## #.#.##..#.#
##...###.........#
##.....####.......#
#.......# ##.. ..##
##.....## .. .#
##.).## ...


You could see a worker ant.

Vanquished Creatures
  An ooze (D:5)
  An adder skeleton (D:5)
  2 hobgoblins (D:1)
  A bat (D:1)
  A giant cockroach (D:3)
  A giant gecko (D:3)
  A giant newt (D:3)
  A kobold (D:3)
  A quokka (D:2)
10 creatures vanquished.

Notes
Turn   | Place    | Note
--------------------------------------------------------------
     0 | D:1      | pedritolo the Spriggan Enchanter began the quest for the Orb.
     0 | D:1      | Reached XP level 1. HP: 9/9 MP: 5/5
   155 | D:3      | Found a deep blue altar of Sif Muna.
   175 | D:3      | Found a sacrificial altar of Ru.
   176 | D:3      | Found a glowing silver altar of Zin.
   177 | D:3      | Found a blossoming altar of Fedhas.
   317 | D:5      | Entered Level 5 of the Dungeon
   320 | D:5      | Got a blackened spear
   321 | D:5      | Identified the cursed +1 spear of Eternal Vigilance {flame, Str+2 Int+3} (You found it on level 5 of the Dungeon)
   345 | D:5      | Reached XP level 2. HP: 8/13 MP: 6/6
   384 | D:6      | Found a basalt altar of Yredelemnul.
   401 | D:6      | Noticed a scorpion
   401 | D:6      | Noticed an ogre
   416 | D:5      | Noticed a worker ant
   432 | D:5      | Quit the game

Action                   || total
-------------------------++-------
Melee: Dagger            ||    13
       Spear             ||    16
 Cast: Corona            ||     1
  Use: Scroll            ||     2
 Stab: Sleeping          ||     8
